 Dungeon Crawl Stone Soup version 0.30.1-11-g7821555f0a (webtiles) character file.

Game seed: 8263162855422824461

6294 MrIGI the Grappler (level 10, 0/100 HPs)
             Began as a Troll Fighter on Dec 18, 2023.
             Was a Believer of Wu Jian.
             Killed from afar by an electric eel (13 damage)
             ... with a bolt of electricity
             ... on level 10 of the Dungeon.
             The game lasted 00:29:14 (7434 turns).

MrIGI the Grappler (Troll Fighter)                  Turns: 7434, Time: 00:29:14

Health: 0/100      AC:  6    Str: 30    XL:     10   Next: 63%
Magic:  9/9        EV: 14    Int:  4    God:    Wu Jian [**....]
Gold:   418        SH:  9    Dex:  9    Spells: 9/9 levels left

rFire   . .          .
                       - Unarmed
rCold   . . .        b - +0 kite shield
rNeg    + . .        u - +2 robe {Will+}
rPois   .            (helmet restricted)
rElec   .            (no cloak)
rCorr   .            (gloves unavailable)
SInv    .            (boots unavailable)
Will    +....        F - amulet of faith
Stlth   +            p - ring of positive energy
HPRegen 1.16/turn    H - +5 ring of evasion
MPRegen 0.11/turn

%: faith
@: no status effects
A: large, unfitting armour, claws 3, regeneration 1, shaggy fur 1, tough skin 1
a: Renounce Religion, Wall Jump


You were on level 10 of the Dungeon.
You worshipped Wu Jian.
Wu Jian was pleased with you.
You visited 2 branches of the dungeon, and saw 11 of its levels.
You also visited: Sewer.

You collected 418 gold pieces.

Inventory:

Hand Weapons
 t - a +5 scythe of flaming
 K - the +10 scimitar of Wierphof {elec, rElec Will- Str+5 Dex+2}
   (You found it on level 8 of the Dungeon)

   Str:       It affects your strength (+5).
   Dex:       It affects your dexterity (+2).
   rElec:     It insulates you from electricity.
   Will:      It decreases your willpower.
Armour
 a - a +0 robe
 b - a +0 kite shield (worn)
 u - a +2 robe of willpower (worn)
 N - +0 steam dragon scales
Jewellery
 p - a ring of positive energy (left claw)
 q - an amulet of the acrobat
 w - a ring of positive energy
 F - an amulet of faith (around neck)
 G - a ring of poison resistance
 H - a +5 ring of evasion (right claw)
 M - an amulet of reflection
Wands
 B - a wand of digging (8)
 I - a wand of paralysis (4)
 L - a wand of quicksilver (5)
 O - a wand of roots (5)
Scrolls
 h - 3 scrolls of torment
 k - 2 scrolls of amnesia {unknown}
 n - a scroll of fog {unknown}
 o - 3 scrolls of enchant weapon
 s - 2 scrolls of magic mapping {unknown}
 v - 3 scrolls of teleportation
 y - 2 scrolls of blinking
 z - a scroll of enchant armour {unknown}
 C - a scroll of butterflies {unknown}
 D - 3 scrolls of poison {unknown}
 E - a scroll of brand weapon {unknown}
 J - a scroll of identify
 P - a scroll of silence {unknown}
Potions
 c - a potion of might
 d - a potion of magic {unknown}
 e - 5 potions of attraction {unknown}
 f - 6 potions of brilliance
 g - 4 potions of resistance
 i - 2 potions of invisibility {unknown}
 j - a potion of curing
 l - 2 potions of berserk rage {unknown}
 m - a potion of mutation {unknown}
 r - 3 potions of degeneration
 x - 2 potions of lignification {unknown}
 A - 3 potions of heal wounds {unknown}


   Skills:
 + Level 6.8 Fighting
 - Level 2.8 Dodging
 + Level 7.8 Shields
 * Level 11.6 Unarmed Combat
 - Level 1.9 Evocations


You had 9 spell levels left.
You didn't know any spells.
Your spell library contained the following spells:

 Spells                   Type           Power      Damage    Failure   Level
 Blink                    Tloc           0%         N/A       82%         2
 Cigotuvi's Dreadful Rot  Necr/Pois/Air  0%         N/A       82%         2
 Lesser Beckoning         Tloc           0%         N/A       82%         2
 Momentum Strike          Conj/Tloc      0%         3d8       82%         2
 Call Canine Familiar     Summ           0%         N/A       96%         3
 Dazzling Flash           Conj/Hex       0%         N/A       96%         3
 Ignite Poison            Fire/Tmut/Pois 0%         N/A       96%         3
 Portal Projectile        Hex/Tloc       0%         N/A       96%         3
 Volatile Blastmotes      Fire/Tloc      0%         2d10      96%         3
 Iskenderun's Mystic Bla  Conj/Tloc      0%         2d3       100%        4
 Leda's Liquefaction      Hex/Erth       0%         N/A       100%        4
 Starburst                Conj/Fire      0%         6d3       100%        6
 Haunt                    Necr/Summ      0%         N/A       100%        7


Dungeon Overview and Level Annotations

Branches:
Dungeon (10/15)            Temple (1/1) D:5           Sewer (visited)
   Lair: D:8-11         Orc: D:9-12

Altars:
Ashenzari
Cheibriados
Dithmenos
Elyvilon
Fedhas
Gozag
Hepliaklqana
Kikubaaqudgha
Makhleb
Nemelex Xobeh
Okawaru
Qazlal
Ru
Sif Muna
Uskayaw
Vehumet
Wu Jian
Xom
Yredelemnul
Zin
The Shining One

Shops:
D:3 (   D:5 *:[((


Innate Abilities, Weirdness & Mutations

You are too large for most types of armour.
You have claws for hands.
Your natural rate of healing is unusually fast.
You are covered in fur. (AC +1)
You have tough skin. (AC +1)


Message History

The bolt of electricity hits you.
An electric eel is nearby!
The electric eel shoots out a bolt of lightning at you!
The bolt of electricity hits you!
There is an open door here.
An electric eel comes into view.
An electric eel comes into view.
The electric eel shoots out a bolt of lightning at you!
The bolt of electricity hits you!
The electric eel shoots out a bolt of lightning at you!
The bolt of electricity hits you!
The electric eel shoots out a bolt of lightning at you!
The bolt of electricity hits you.
You lunge at the electric eel.
You scratch the electric eel.
The electric eel is moderately wounded.
You closely miss the electric eel.
The electric eel is moderately wounded.
The electric eel shoots out a bolt of lightning at you!
The bolt of electricity hits the electric eel.
The electric eel completely resists.
The bolt of electricity hits you.
The electric eel shoots out a bolt of lightning at you!
The bolt of electricity hits you!
The electric eel shoots out a bolt of lightning at you!
The bolt of electricity hits the electric eel.
The electric eel completely resists.
The bolt of electricity hits you.
The electric eel shoots out a bolt of lightning at you!
The bolt of electricity hits you!
The electric eel shoots out a bolt of lightning at you!
The bolt of electricity hits you!
The electric eel shoots out a bolt of lightning at you!
The bolt of electricity hits you!
* * * LOW HITPOINT WARNING * * *
The electric eel shoots out a bolt of lightning at you!
The bolt of electricity hits you.
* * * LOW HITPOINT WARNING * * *
The electric eel shoots out a bolt of lightning at you!
The bolt of electricity misses you.
The electric eel shoots out a bolt of lightning at you!
The bolt of electricity hits you!
You die...

....####'## #..##......# #.#.#
....# #.# #..##......# #.#.#
....####.####..##......# #.#.#
....).†.....#..##......# #.#.#
#'#.)###)##.#......#'### #^#.#
#.#..#...<#.##.##..#.######.#.#
.........)....................>
#.#.......#.####...#'######.##.
#.#.......#.....@.......# #.#
.# #.#.....#########.......#
#.# .~ #.#.......... +.......#
#.# Sy #+#'######### #.......#
............. +...SS~~~~~≈
.....######## #..S≈≈≈≈~##≈
.....#### ## #~~≈≈≈≈≈##
#~~~##~≈##≈##≈ ≈≈≈≈≈≈####
≈≈~~≈~~≈~~~≈≈≈≈≈≈≈≈≈##


You could see 3 electric eels.

Vanquished Creatures
  A two-headed ogre (D:9)
  Pikel (D:5)
  An ugly thing (D:7)
  A gargoyle (D:10)
  Grinder (D:5)
  Prince Ribbit (D:5)
  Sigmund (D:2)
  A vampire mosquito (D:10)
  A steam dragon (D:8)
  Menkaure (D:7)
  4 water moccasins
  2 ice beasts
  A black bear (D:7)
  A wolf (D:9)
  6 centaurs
  2 phantoms
  2 kobold brigands
  6 bullfrogs
  A gnoll sergeant (D:7)
  4 scorpions
  9 killer bees
  An electric eel (D:10)
  5 howler monkeys
  A hound (D:5)
  An orc priest (D:6)
  A jelly (D:7)
  Jessica (D:2)
  Natasha (thrice) (D:2)
  2 iguanas (D:6)
  10 orc wizards
  9 gnolls
  11 adders
  A shadow imp (D:7)
  2 white imps (D:7)
  A worm (D:3)
  4 dart slugs
  17 orcs
  10 endoplasms
  11 giant cockroaches
  5 hobgoblins
  3 jackals
  19 kobolds
  8 quokkas
  10 ball pythons
  6 bats
  11 frilled lizards
  6 goblins
  3 rats
210 creatures vanquished.

Notes
Turn   | Place    | Note
-------+----------+-------------------------------------------
     0 | D:1      | MrIGI the Troll Fighter began the quest for the Orb.
     0 | D:1      | Reached XP level 1. HP: 22/22 MP: 0/0
   377 | D:1      | Reached XP level 2. HP: 29/29 MP: 1/1
   775 | D:2      | Noticed Jessica
   778 | D:2      | Killed Jessica
   779 | D:2      | Reached XP level 3. HP: 36/36 MP: 2/2
   802 | D:2      | Noticed Natasha
   808 | D:2      | Killed Natasha
   809 | D:2      | Reached XP level 4. HP: 35/44 MP: 3/3
   841 | D:2      | Noticed Natasha
   846 | D:2      | Killed Natasha
   847 | D:2      | Reached skill level 3 in Unarmed Combat
   856 | D:2      | Noticed Sigmund
   865 | D:2      | Killed Sigmund
   866 | D:2      | Reached skill level 4 in Unarmed Combat
   866 | D:2      | Reached XP level 5. HP: 49/53 MP: 4/4
   924 | D:2      | Reached XP level 6. HP: 61/61 MP: 5/5
  1008 | D:2      | Noticed Natasha
  1014 | D:2      | Killed Natasha
  1641 | D:3      | Reached skill level 5 in Unarmed Combat
  1699 | D:3      | Found a faded altar of an unknown god.
  2003 | D:3      | Found a glowing drain.
  2050 | Sewer    | Entered a sewer
  2274 | Sewer    | Reached XP level 7. HP: 61/67 MP: 6/6
  2486 | D:3      | Found a basalt altar of Yredelemnul.
  2537 | D:3      | Found Ufeupt's Weapon Emporium.
  2724 | D:4      | Found a glowing golden altar of the Shining One.
  2960 | D:4      | Found a broken altar of Ashenzari.
  3014 | D:4      | Found an iron altar of Okawaru.
  3291 | D:5      | Entered Level 5 of the Dungeon
  3320 | D:5      | Found a stormy altar of Qazlal.
  3363 | D:5      | Reached skill level 6 in Unarmed Combat
  3414 | D:5      | Found a staircase to the Ecumenical Temple.
  3423 | Temple   | Entered the Ecumenical Temple
  3634 | D:5      | Found Keocaut's Antique Weapon Boutique.
  3654 | D:5      | Found Jozxump's Weapon Emporium.
  3655 | D:5      | Noticed Grinder
  3661 | D:5      | Killed Grinder
  3662 | D:5      | Reached skill level 7 in Unarmed Combat
  3671 | D:5      | Reached XP level 8. HP: 24/78 MP: 7/7
  3705 | D:5      | Noticed Prince Ribbit
  3712 | D:5      | Reached skill level 5 in Shields
  4047 | D:5      | Noticed Pikel
  4066 | D:5      | Killed Pikel
  4067 | D:5      | Reached skill level 8 in Unarmed Combat
  4150 | D:6      | Reached skill level 5 in Fighting
  4185 | D:6      | Reached skill level 1 in Evocations
  4185 | D:6      | Reached XP level 9. HP: 88/88 MP: 8/8
  4322 | D:6      | Noticed a two-headed ogre
  4445 | D:7      | Reached skill level 9 in Unarmed Combat
  4665 | D:5      | Killed Prince Ribbit
  4858 | D:5      | Found Jainek's General Store.
  4881 | D:5      | Found Guakoulu's Book Emporium.
  4930 | D:5      | Found Qizi's Antique Armour Boutique.
  5408 | D:7      | Found a hide-covered altar of Uskayaw.
  5417 | D:7      | Found an ornate altar of the Wu Jian Council.
  5420 | D:7      | Became a worshipper of the Wu Jian Council
  5453 | D:7      | Noticed Menkaure
  5459 | D:7      | Killed Menkaure
  5501 | D:7      | Found an opulent altar of Gozag.
  5826 | D:7      | Reached skill level 10 in Unarmed Combat
  6033 | D:7      | Reached * piety under Wu Jian
  6106 | D:7      | Noticed a brown ugly thing
  6112 | D:7      | Killed a brown ugly thing
  6113 | D:7      | Reached XP level 10. HP: 33/98 MP: 9/9
  6122 | D:7      | Noticed a two-headed ogre
  6519 | D:8      | Identified the +10 scimitar of Wierphof {elec, rElec Will-
                  | Str+5 Dex+2}
  6522 | D:8      | Found a hazy altar of Hepliaklqana.
  6556 | D:8      | Got Gauklyw's Omnibus of Bloody Poisoning
  6733 | D:9      | Noticed a two-headed ogre
  6745 | D:9      | Killed a two-headed ogre
  6746 | D:9      | Reached skill level 11 in Unarmed Combat
  6858 | D:9      | Noticed a two-headed ogre
  6863 | D:9      | Reached ** piety under Wu Jian
  6907 | D:10     | Entered Level 10 of the Dungeon
  6955 | D:10     | Noticed a gargoyle
  6957 | D:10     | Killed a gargoyle
  7434 | D:10     | Killed from afar by an electric eel

Illustrated notes

Levels and vault maps discovered:
D:1:      minmay_arrival_stair_chambers, layout_basic, corner_web_ring,
          bh_walls_and_bars
D:2:      layout_loops_cross, uniq_natasha, uniq_sigmund, uniq_jessica
D:3:      layout_rooms, lemuel_round_altar, gup_sewer_entry_glass, serial_bayou,
          serial_bayou_shore_a, serial_bayou_pond_b, serial_bayou_lagoon_a,
          serial_bayou_lake_a, serial_bayou_ford_a, serial_shops, shop,
          hellmonk_ecumenical_altar_arch_garden, st_stairs_13
D:4:      layout_cave_pools, kennysheep_okawaru_gauntlet,
          mainiacjoe_overflow_chevrons, mainiacjoe_overflow_six_doors_small
D:5:      layout_loops_ring, grunt_qazlal_sundering, temple_hall, serial_shops,
          shop, shop, nicolae_shop_tiny_real_fake_doors, shop,
          nicolae_diamond_shop, uniq_pikel, uniq_prince_ribbit1, uniq_grinder
D:6:      layout_gridville
D:7:      nzn_winding_woodlands_small [nzn_winding_woodlands_5x15_longhouse,
          nzn_winding_woodlands_center_diamonds,
          nzn_winding_woodlands_5x15_jagged], layout_layer_cave,
          lemuel_crystal_altar, mainiacjoe_overflow_swirl, uniq_menkaure
D:8:      layout_rooms, old_standard_altar, erik_lair_island
D:9:      layout_cave_pools, uniq_maggie
D:10:     layout_basic, kennysheep_mini_moat, lemuel_flamethrower_1, uniq_grum
Temple:   nicolae_temple_x_marks_the_god

Skill      XL: |  1  2  3  4  5  6  7  8  9 10 |
---------------+-------------------------------+-----
Shields        | 3 4 5 6 7 |  7.8
Unarmed Combat | 4 5 7 8 10 11 | 11.6
Fighting       | 3 4 5 6 |  6.8
Evocations     | 1 |  1.9
Dodging        | |  2.8

Action                     |  1- 3 |  4- 6 |  7- 9 | 10-12 || total
---------------------------+-------+-------+-------+-------++-------
  Melee: Unarmed           |    32 |   259 |   279 |   135 ||   705
Ability: Lunge             |       |       |     6 |     7 ||    13
         Whirlwind         |       |       |     2 |     8 ||    10
  Evoke: Wand              |       |       |       |     2 ||     2
    Use: Scroll            |       |     3 |     3 |     1 ||     7
         Potion            |       |       |     3 |       ||     3
   Stab: Sleeping          |       |     2 |     2 |       ||     4
 Armour: Robe              |     8 |    80 |    67 |    37 ||   192
  Dodge: Dodged            |     2 |    82 |   111 |    76 ||   271
  Block: Kite shield       |    14 |    91 |   120 |    76 ||   301
